 Dungeon Crawl Stone Soup version 0.18.1-8-gdd0e5ea (webtiles) character file.

8373 Firecrotchwizard the Blocker (level 11, -1/97 HPs)
             Began as a Minotaur Fighter on June 12, 2016.
             Was an Elder of Trog.
             Slain by an orc warrior
             ... wielding a +0 halberd
             ... led by an orc knight
              (3 damage)
             ... on level 1 of the Orcish Mines.
             The game lasted 00:30:45 (8725 turns).

Firecrotchwizard the Blocker (Minotaur Fighter)     Turns: 8725, Time: 00:30:47

Health: -1/97      AC: 12    Str: 26    XL:     11   Next: 9%
Magic:  0/10       EV: 12    Int:  5    God:    Trog [****..]
Gold:   703        SH: 13    Dex: 16    Spells: 0 memorised, 10 levels left

rFire  . . .     SeeInvis .     a - +0 war axe
rCold  . . .     Gourm    .     E - +1 chain mail
rNeg   . . .     Faith    .     c - +0 shield
rPois  .         Spirit   +     (helmet restricted)
rElec  .         Dismiss  .     (no cloak)
rCorr  .         Reflect  .     (no gloves)
SustAt .         Harm     .     (no boots)
MR     .....                    x - amulet of guardian spirit
Stlth  ..........               o - +3 ring of strength
                                I - +5 ring of dexterity

@: not resistant to hostile enchantments, extremely unstealthy
A: retaliatory headbutt, horns 2
a: Berserk, Trog's Hand, Brothers in Arms, Burn Spellbooks, Renounce Religion


You were on level 1 of the Orcish Mines.
You worshipped Trog.
Trog was greatly pleased with you.
You were full.

You visited 2 branches of the dungeon, and saw 10 of its levels.

You collected 703 gold pieces.

Inventory:

Hand Weapons
 a - a +0 war axe (weapon)
 D - a +0 spear of venom
 L - a +0 trident of protection
 M - a +1 short sword of holy wrath
 S - a +0 short sword of speed
Armour
 b - a +0 scale mail
 c - a +0 shield (worn)
 v - a cursed +0 buckler
 E - a +1 chain mail (worn)
 N - a +0 robe of the Archmagi
 R - a +0 plate armour
Jewellery
 m - an uncursed ring of flight
 o - a +3 ring of strength (right hand)
 q - an uncursed ring of fire
 x - an amulet of guardian spirit (around neck)
 I - a +5 ring of dexterity (left hand)
 J - an uncursed ring of ice
Wands
 A - a wand of iceblast (6/15)
 B - a wand of iceblast (6/15)
 G - a wand of flame (13/48)
 Q - a wand of acid (5/15)
Scrolls
 k - 2 scrolls of blinking
 l - a scroll of fog
 p - 2 scrolls of noise
 r - 4 scrolls of identify
 w - 3 scrolls of amnesia
 y - 2 scrolls of teleportation {unknown}
 C - 2 scrolls of enchant armour
 H - 2 scrolls of remove curse {unknown}
Potions
 d - 3 potions of might
 e - 4 potions of curing {unknown}
 g - 2 potions of flight {unknown}
 h - a potion of invisibility {unknown}
 j - a potion of haste {unknown}
 n - 2 potions of berserk rage
 s - 2 potions of degeneration {unknown}
 t - 4 potions of lignification
 u - 3 potions of ambrosia {unknown}
 z - 2 potions of mutation {unknown}
Books
 K - a book of the Earth

   Spells                             Type                      Level
   a - Leda's Liquefaction            Hexes/Earth                  4
   b - Bolt of Magma                  Conjuration/Fire/Earth       5
   c - Statue Form                    Transmutation/Earth          6
   d - Iron Shot                      Conjuration/Earth            6
   e - Shatter                        Earth                        9
   Trog disapproves of the use of such an item.
Comestibles
 f - 7 bread rations
 i - 3 meat rations
 F - a royal jelly
 O - 8 slices of pizza
 P - a beef jerky


   Skills:
 + Level 9.4 Fighting
 + Level 10.1 Axes
 + Level 9.9 Armour
 + Level 7.3 Dodging
 + Level 1.5 Stealth
 + Level 10.4 Shields


You had 10 spell levels left.
You didn't know any spells.

Dungeon Overview and Level Annotations

Branches:
Dungeon (9/15)             Temple (0/1) D:6            Lair (0/8) D:8
    Orc (1/2) D:9

Altars:
Ashenzari
Cheibriados
Dithmenos
Fedhas
Okawaru
Pakellas
Ru
Sif Muna
Trog
Xom
The Shining One

Shops:
D:4 !:


Innate Abilities, Weirdness & Mutations

You reflexively headbutt those who attack you in melee.
You have a pair of horns on your head.


Message History

You hit the orc.
You kill the orc!
Trog accepts your kill.
You miss something.
Your shield prevents you from hitting the orc warrior.
The orc warrior closely misses you. You block the orc knight's attack.
Something hits you but does no damage.
You hit the orc knight but do no damage.
The orc knight is moderately wounded.
You miss something. You completely miss the orc warrior.
The orc warrior hits you with a halberd!
* * * LOW HITPOINT WARNING * * *
You block the orc knight's attack. Something hits you.
You hit the orc knight but do no damage.
The orc knight is moderately wounded.
You hit something but do no damage.
Your shield and chain mail prevent you from hitting the orc warrior.
The orc warrior no longer looks unusually strong.
The orc warrior hits you with a halberd.
You die...

########## ######
##.#..##..###....###
#..........#.....$.##
##.#.......##{......#
### ##.........#@......#
#.###..........)oo......
...###.........)).......
....#.#...........#..#..
##.............#...### .
.#..................#
#†)[)............$....
..)))..................
#)##)..)...............


You could see an orc knight and an orc warrior.

Vanquished Creatures
  Erolcha (D:8)
  An orc knight (Orc:1)
  An orc sorcerer (Orc:1)
  An elephant (D:8)
  The ghost of sugabear the Ducker, a novice VSGl of the Shining One (D:5)
  The ghost of sugabear the Ducker, a novice VSGl (D:4)
  A troll (D:7)
  Grinder (D:3)
  A spriggan (D:8)
  A yak (D:8)
  A hungry ghost (D:3)
  A warg (Orc:1)
  A hippogriff (D:9)
  A water moccasin (D:9)
  10 orc warriors
  3 sky beasts
  3 ice beasts
  A necrophage (D:7)
  A phantom (D:9)
  7 ogres
  3 centaurs
  3 big kobolds
  2 giant frogs
  4 scorpions
  4 howler monkeys
  2 crimson imps
  2 jellies (D:5)
  11 orc priests
  2 hounds
  4 giant frog skeletons
  A gnoll shaman (D:9)
  8 orc wizards
  A centaur skeleton (D:5)
  6 iguanas
  Natasha (thrice) (D:3)
  6 worker ants
  A killer bee zombie (D:5)
  2 sheep (D:8)
  2 hound skeletons
  3 gnolls (D:9)
  8 adders
  3 shadow imps
  An ooze (D:3)
  An adder zombie (D:6)
  5 worms
  4 giant geckos
  37 orcs
  4 giant cockroaches
  10 goblins
  6 hobgoblins
  17 jackals
  21 kobolds
  4 quokkas
  3 bats
  A giant gecko skeleton (D:4)
  12 giant newts
  8 rats
254 creatures vanquished.

Notes
Turn   | Place    | Note
--------------------------------------------------------------
     0 | D:1      | Firecrotchwizard the Minotaur Fighter began the quest for the Orb.
     0 | D:1      | Reached XP level 1. HP: 19/19 MP: 0/0
   653 | D:1      | Reached XP level 2. HP: 27/27 MP: 1/1
   839 | D:2      | Found an iron altar of Okawaru.
   841 | D:2      | Found a blossoming altar of Fedhas.
   945 | D:2      | Reached XP level 3. HP: 27/33 MP: 2/2
  1270 | D:2      | Reached skill level 1 in Dodging
  1687 | D:2      | Reached XP level 4. HP: 36/40 MP: 3/3
  1946 | D:3      | Noticed Grinder
  1946 | D:3      | Paralysed by Grinder for 2 turns
  1954 | D:3      | Paralysed by Grinder for 4 turns
  1971 | D:3      | Paralysed by Grinder for 3 turns
  2006 | D:3      | Killed Grinder
  2006 | D:3      | Reached skill level 5 in Armour
  2006 | D:3      | Reached XP level 5. HP: 15/47 MP: 4/4
  2006 | D:3      | Reached XP level 6. HP: 17/53 MP: 5/5
  2229 | D:3      | Noticed Natasha
  2232 | D:3      | Killed Natasha
  2232 | D:3      | Reached skill level 5 in Shields
  2242 | D:3      | Noticed a hungry ghost
  2250 | D:3      | Killed a hungry ghost
  2277 | D:3      | Noticed Natasha
  2283 | D:3      | Killed Natasha
  2318 | D:3      | Found a shimmering altar of Xom.
  2475 | D:3      | Noticed Natasha
  2479 | D:3      | Killed Natasha
  2605 | D:3      | Reached XP level 7. HP: 60/60 MP: 6/6
  2955 | D:4      | Found Adwuyp's Distillery.
  2965 | D:4      | Noticed sugabear's ghost (novice VSGl)
  2974 | D:4      | Reached skill level 5 in Fighting
  2984 | D:4      | Killed sugabear's ghost
  2984 | D:4      | Reached skill level 5 in Axes
  2998 | D:4      | Found Dargh's Book Shop.
  3095 | D:4      | Found a sacrificial altar of Ru.
  3433 | D:4      | Noticed a moth of wrath
  3436 | D:4      | Found a bloodstained altar of Trog.
  3455 | D:4      | Became a worshipper of Trog the Wrathful
  3567 | D:5      | Entered Level 5 of the Dungeon
  3578 | D:5      | Reached skill level 5 in Dodging
  3578 | D:5      | Reached XP level 8. HP: 69/69 MP: 7/7
  3594 | D:5      | Found a shadowy altar of Dithmenos.
  4107 | D:5      | Noticed sugabear's ghost (novice VSGl)
  4120 | D:5      | Killed sugabear's ghost
  4512 | D:5      | Reached skill level 1 in Stealth
  4640 | D:5      | Reached XP level 9. HP: 56/79 MP: 6/8
  4981 | D:6      | Reached * piety under Trog
  5326 | D:6      | Found a staircase to the Ecumenical Temple.
  5755 | D:7      | Found a snail-covered altar of Cheibriados.
  5825 | D:7      | Noticed a troll
  5838 | D:7      | Killed a troll
  5873 | D:7      | Reached ** piety under Trog
  6577 | D:8      | Noticed Erolcha
  6591 | D:8      | Killed Erolcha
  6591 | D:8      | Reached XP level 10. HP: 13/88 MP: 1/9
  7001 | D:8      | Found a staircase to the Lair.
  7001 | D:8      | Noticed an elephant
  7022 | D:8      | Killed an elephant
  7253 | D:8      | Found a glowing golden altar of the Shining One.
  7555 | D:8      | Reached *** piety under Trog
  7925 | D:9      | Found a shattered altar of Ashenzari.
  8030 | D:9      | Found an oddly glowing altar of Pakellas.
  8030 | D:9      | Found a deep blue altar of Sif Muna.
  8217 | D:9      | Found a staircase to the Orcish Mines.
  8229 | Orc:1    | Entered Level 1 of the Orcish Mines
  8229 | Orc:1    | Noticed an orc knight
  8241 | Orc:1    | Killed an orc knight
  8241 | Orc:1    | Reached skill level 10 in Shields
  8581 | Orc:1    | Noticed an orc sorcerer
  8591 | Orc:1    | Reached skill level 10 in Axes
  8593 | Orc:1    | Noticed an orange demon
  8594 | Orc:1    | Killed an orc sorcerer
  8594 | Orc:1    | Reached **** piety under Trog
  8594 | Orc:1    | Reached XP level 11. HP: 97/97 MP: 10/10
  8712 | Orc:1    | Noticed an orc knight
  8724 | Orc:1    | HP: 2/97 [orc warrior/halberd[an orc knight] (11)]
  8725 | Orc:1    | Slain by an orc warrior

Skill      XL: |  1  2  3  4  5  6  7  8  9 10 |
---------------+-------------------------------+-----
Armour         | 4 5 6 8 9 |  9.9
Fighting       | 4 5 7 8 9 |  9.4
Shields        | 4 5 6 8 10 | 10.4
Dodging        | 1 2 3 5 6 7 |  7.3
Axes           | 3 4 5 7 8 10 | 10.1
Stealth        | 1 |  1.5

Action                   |  1- 3 |  4- 6 |  7- 9 | 10-12 || total
-------------------------+-------+-------+-------+-------++-------
Melee: War axe           |   109 |    69 |   300 |   190 ||   668
       Headbutt          |    14 |    16 |    61 |    53 ||   144
Invok: Berserk           |       |       |       |     2 ||     2
       Trog's Hand       |       |       |       |     2 ||     2
  Use: Scroll            |       |     3 |     8 |     1 ||    12
  Eat: Meat ration       |     1 |     1 |     1 |     2 ||     5
       Bread ration      |       |       |     2 |       ||     2
Armor: Scale mail        |    42 |    21 |    46 |       ||   109
       Chain mail        |       |       |    54 |    60 ||   114
Dodge: Dodged            |    38 |    17 |   124 |   100 ||   279
Block: Shield            |    59 |    37 |   169 |   130 ||   395
